AoeStats
← sub2myof@vivifanoftv

Black Forest

509954067Analyzed
3v3 RM · 3d ago on Sep 28, 2026· 38m 28s· 6 players
Game mode
Random Map
Map size
Normal (6 player)
Population
200
Speed
Normal
Resources
Standard
Victory
Conquest
Starting age
Dark Age
Ending age
Imperial Age
RankedLock teamsTeams togetherTeam positionsShared explorationLock speedFull tech treeHidden civsTurbo modeCheats
Victory
Defeat
🇩🇪 Saxons · Germany
1090
+16
🇩🇪 Wu · Germany
1087
+16
🇩🇪 Persians · Germany
1072
+16
🇺🇸 Teutons · United States
1221
-22
🇳🇱 Danes · Netherlands
1106
-17
🇵🇰 Britons · Pakistan
914
-9
Wild Nût Buster
0:36 Loom
14:17 Feudal Age
15:01 Double-Bit Axe
21:35 Castle Age
19:47 Gold Mining
23:21 Fletching
28:31 Bow Saw
30:37 Bodkin Arrow
31:15 Padded Archer Armor
30:57 Crossbowman
32:39 Horse Collar
33:25 Ballistics
36:23 Leather Archer Armor
Medina90
0:49 Loom
11:13 Feudal Age
15:23 Castle Age
13:38 Double-Bit Axe
19:13 Wheelbarrow
28:10 Scale Mail Armor
28:20 Forging
32:33 Horse Collar
33:16 Bow Saw
34:24 Hand Cart
34:23 Heavy Plow
34:19 Gold Mining
34:20 Stone Mining
sub2myof@vivifanoftv
2:06 Loom
2:15 Loom
10:59 Feudal Age
15:49 Castle Age
14:13 Double-Bit Axe
15:43 Horse Collar
17:13 Heavy Plow
23:01 Bow Saw
24:09 Wheelbarrow
25:23 Gold Mining
25:23 Stone Mining
29:15 Imperial Age
27:43 Stone Shaft Mining
27:25 Fishing Lines
27:45 Town Watch
28:55 Hand Cart
29:05 Sanctity
29:29 Scale Barding Armor
29:36 Forging
30:37 Crop Rotation
30:08 Gillnets
30:28 Caravan
30:07 Pikeman
32:15 Two-Man Saw
31:30 Scale Mail Armor
32:38 Fervor
32:54 Illumination
33:52 Chemistry
32:57 Halberdier
35:45 Ballistics
36:04 Chain Mail Armor
36:25 Iron Casting
35:40 Fletching
36:13 Masonry
36:09 Siege Engineers
37:01 Gambesons
36:37 Man-at-Arms
38:06 Plate Mail Armor
38:08 Conscription
Cautes.54
11:12 Feudal Age
16:46 Castle Age
14:59 Double-Bit Axe
15:09 Horse Collar
17:53 Bow Saw
17:36 Loom
19:45 Heavy Plow
24:26 Wheelbarrow
25:32 Hand Cart
26:05 Gold Mining
26:06 Stone Mining
27:42 Bloodlines
30:32 Husbandry
30:42 Scale Barding Armor
30:47 Forging
32:49 Gold Shaft Mining
32:50 Stone Shaft Mining
37:49 Imperial Age
37:34 Chain Barding Armor
37:50 Iron Casting
37:06 Fletching
38:00 Devotion
38:52 Plate Barding Armor
37:42 Light Cavalry
37:49 Elite War Elephant
Heinrich der Löwe
1:32 Loom
11:49 Feudal Age
12:36 Double-Bit Axe
15:33 Castle Age
13:22 Horse Collar
21:37 Wheelbarrow
22:25 Town Watch
25:47 Heavy Plow
26:04 Bow Saw
25:56 Heavy Plow
29:39 Imperial Age
27:14 Heavy Plow
27:05 Gold Mining
27:06 Stone Mining
27:19 Scale Mail Armor
27:29 Forging
28:48 Hand Cart
28:51 Chain Mail Armor
29:54 Iron Casting
29:34 Fletching
31:13 Conscription
30:15 Shield Wall
31:28 Plate Mail Armor
30:56 Fletching
32:05 Masonry
32:59 Chemistry
33:17 Elite Hearth Troop
34:14 Caravan
34:45 Coinage
35:01 Man-at-Arms
35:02 Pikeman
35:27 Gambesons
35:43 Squires
35:28 Arson
38:19 Ballistics
38:29 Architecture
lumpy_space_princess
2:19 Loom
13:16 Feudal Age
17:37 Castle Age
16:33 Double-Bit Axe
16:44 Horse Collar
19:08 Heavy Plow
23:37 Wheelbarrow
25:46 Hand Cart
25:44 Gold Mining
28:07 Fletching
28:17 Padded Archer Armor
32:47 Imperial Age
36:47 Bow Saw
36:34 Stone Mining
36:51 Town Watch
Connection lost

Rejoining the realm…

Still unreachable

The connection could not be restored.

Session expired

The server has moved on; the page needs a fresh start.